Workbook

Sheet Август 2026
C1: Отчет об исполнении сетевого плана-графика по реализации муниципальной программы «Развитие образования в городе Нефтеюганске»
A2: № п/п | C2: Наименование муниципальной программы, структурного элемента, источник финансового обеспечения | D2: Ответственный исполнитель | E2: ПЛАН на 9 месяцев (рублей) | J2: План на 2026 год (рублей) | O2: Освоение на 31.08.2026 года (рублей) | T2: % исполнения к плану на 9 месяцев 2026 года (рублей) | Y2: % исполнения к плану на 2026 год (рублей)
D4: ГРБС | E4: Всего | F4: Местный бюджет | G4: Окружной бюджет | H4: Федеральный бюджет | I4: Внебюджетные источники | J4: Всего | K4: Местный бюджет | L4: Окружной бюджет | M4: Федеральный бюджет | N4: Внебюджетные источники | O4: Всего | P4: Местный бюджет | Q4: Окружной бюджет | R4: Федеральный бюджет | S4: Внебюджетные источники | T4: Всего | U4: Местный бюджет | V4: Окружной бюджет | W4: Федеральный бюджет | X4: Внебюджетные источники | Y4: Всего | Z4: Местный бюджет | AA4: Окружной бюджет | AB4: Федеральный бюджет | AC4: Внебюджетные источники
A5: 1 | B5: 1 | C5: 2 | D5: 3 | E5: 4 | F5: 5 | G5: 6 | H5: 7 | I5: 9 | J5: 8 | K5: 9 | L5: 10 | M5: 11 | N5: 12 | O5: 13 | P5: 14 | Q5: 15 | R5: 16 | S5: 19 | T5: 17 | U5: 18 | V5: 19 | W5: 20 | X5: 24 | Y5: 21 | Z5: 22 | AA5: 23 | AB5: 28 | AC5: 29
C6: Муниципальная программа «Развитие образования в городе Нефтеюганске» (всего), в том числе: | D6: ДО, ДГиЗО в том числе: | E6: =E7+E8+E9 -> 5.5739108e+09 | F6: =F7+F8+F9 -> 1.6445966e+09 | G6: =G7+G8+G9 -> 3.8291901e+09 | H6: =H7+H8+H9 -> 100124052 | I6: =I7+I8+I9 -> 0 | J6: =J7+J8+J9 -> 7656956242 | K6: =K7+K8+K9 -> 2270852352 | L6: =L7+L8+L9 -> 5244258190 | ... S6: =S7+S8+S9 -> 0 | T6: =O6/E6*100 -> 79.847895 | U6: =P6/F6*100 -> 69.40822 | V6: =Q6/G6*100 -> 84.226348 | W6: =R6/H6*100 -> 22.392855 | X6: 0 | Y6: =O6/J6*100 -> 58.125583 | Z6: =P6/K6*100 -> 50.266819 | AA6: =Q6/L6*100 -> 61.499394 | AB6: =R6/M6*100 -> 15.806354
D7: ДО | E7: =F7+G7+H7 -> 5.1477114e+09 | F7: =F11+F24+F40+F43+F45+F48+F61+F64+F70+F13 -> 1.2183972e+09 | G7: =G11+G24+G40+G43+G45+G48+G61+G64+G70+G13 -> 3.8291901e+09 | H7: =H11+H24+H40+H43+H45+H48+H61+H64+H70+H13 -> 100124052 | I7: =I11+I24+I40+I43+I45+I48+I61+I64+I70 -> 0 | J7: =K7+L7+M7+N7 -> 6932396770 | K7: =K11+K13+K24+K41+K43+K45+K48+K61+K64+K70 -> 1546292880 | L7: =L11+L13+L24+L41+L43+L45+L48+L61+L64+L70 -> 5244258190 | M7: =M11+M13+M24+M41+M43+M45+M48+M61+M64+M70 -> 141845700 | N7: =N11+N13+N24+N41+N43+N45+N48+N61+N64+N70 -> 0 | O7: =O11+O24+O40+O43+O45+O48+O61+O64+O70+O13 -> 4.1779449e+09 | P7: =P11+P24+P40+P43+P45+P48+P61+P64+P70 -> 8.6877972e+08 | Q7: =Q11+Q24+Q40+Q43+Q45+Q48+Q61+Q64+Q70 -> 3.225187e+09 | R7: =R11+R24+R40+R43+R45+R48+R61+R64+R70 -> 22420633 | S7: =S11+S24+S40+S43+S45+S48+S61+S64+S70 -> 0 | T7: =O7/E7*100 -> 81.161212 | U7: =P7/F7*100 -> 71.305134 | V7: =Q7/G7*100 -> 84.226348 | W7: =R7/H7*100 -> 22.392855 | X7: 0 | Y7: =O7/J7*100 -> 60.266962 | Z7: =P7/K7*100 -> 56.184681 | AA7: =Q7/L7*100 -> 61.499394 | AB7: =R7/M7*100 -> 15.806354
D8: ДГиЗО | E8: =F8+G8+H8 -> 426199478 | F8: =F17+F50 -> 426199478 | G8: =G17+G50 -> 0 | H8: =H17+H50 -> 0 | I8: =I17 -> 0 | J8: =K8+L8+M8+N8 -> 724559472 | K8: =K17+K50 -> 724559472 | L8: =L17+L50 -> 0 | M8: =M17+M50 -> 0 | N8: =N17+N50 -> 0 | O8: =O17+O50 -> 2.7270552e+08 | P8: =P17+O50 -> 2.7270552e+08 | Q8: =Q17 -> 0 | R8: =R17 -> 0 | S8: =S17 -> 0 | T8: =O8/E8*100 -> 63.985418 | U8: =P8/F8*100 -> 63.985418 | V8: 0 | W8: 0 | X8: 0 | Y8: =O8/J8*100 -> 37.637424 | Z8: =P8/K8*100 -> 37.637424 | AA8: 0 | AB8: 0
D9: КФКиС | E9: =F9+G9+H9 -> 0 | F9: =F42 -> 0 | G9: =G42 -> 0 | H9: =H42 -> 0 | J9: =K9+L9+M9+N9 -> 0 | K9: =K42 -> 0 | L9: =L42 -> 0 | M9: =M42 -> 0 | N9: =N42 -> 0 | O9: 0 | P9: 0 | Q9: 0 | R9: 0 | S9: 0 | T9: 0 | U9: 0 | V9: 0 | W9: 0 | X9: 0 | Y9: 0 | Z9: 0 | AA9: 0 | AB9: 0
A10: 1 | C10: Направление (подпрограмма) «Дошкольного, общего и дополнительного образования детей» | E10: =E11+E13+E17+E24+E40+E43+E45+E48+E50 -> 5.3602544e+09 | F10: =F11+F17+F24+F40+F43+F45+F48+F13 -> 1.288006e+09 | G10: =G11+G17+G24+G40+G43+G45+G48+G13 -> 3.7607201e+09 | H10: =H11+H17+H24+H40+H43+H45+H48+H13 -> 100124052 | I10: =I11+I17+I24+I40+I43+I45+I48 -> 0 | J10: =K10+L10+M10+N10 -> 7006819905 | K10: =K11+K17+K24+K40+K43+K45+K48+K13 -> 1694104105 | L10: =L11+L17+L24+L40+L43+L45+L48+L13 -> 5170870100 | M10: =M11+M17+M24+M40+M43+M45+M48+M13 -> 141845700 | N10: =N11+N17+N24+N40+N43+N45+N48+N13 -> 0 | O10: =O11+O17+O24+O40+O43+O45+O48+O13 -> 4.1735726e+09 | P10: =P11+P17+P24+P40+P43+P45+P48+P13 -> 9.1554971e+08 | Q10: =Q11+Q17+Q24+Q40+Q43+Q45+Q48+Q13 -> 3.1753006e+09 | R10: =R11+R17+R24+R40+R43+R45+R48+R13 -> 82722297 | S10: =S11+S17+S24+S40+S43+S45+S48+S13 -> 0 | T10: =O10/E10*100 -> 77.861466 | U10: =P10/F10*100 -> 71.082722 | V10: =Q10/G10*100 -> 84.433316 | W10: =R10/H10*100 -> 82.619805 | X10: 0 | Y10: =O10/J10*100 -> 59.564434 | Z10: =P10/K10*100 -> 54.043297 | AA10: =Q10/L10*100 -> 61.407473 | AB10: =R10/M10*100 -> 58.318509
A11: 1.1. | C11: Региональный проект «Патриотическое воспитание граждан Российской Федерации» | D11: ДО | E11: =F11+G11+H11 -> 0 | F11: =F12 -> 0 | G11: =G12 -> 0 | H11: =H12 -> 0 | I11: =I12 -> 0 | J11: =K11+L11+M11+N11 -> 0 | K11: =K12 -> 0 | L11: =L12 -> 0 | M11: =M12 -> 0 | N11: =N12 -> 0 | O11: =P11+Q11+R11+S11 -> 0 | P11: =P12 -> 0 | Q11: =Q12 -> 0 | R11: =R12 -> 0 | S11: =S12 -> 0 | T11: =O11/E11*100 -> #DIV/0! | U11: 0 | V11: 0 | W11: 0 | X11: =S11/I11*100 -> #DIV/0! | Y11: 0 | Z11: 0 | AA11: 0 | AB11: 0
B12: 021ЕB51790 | C12: «На проведение мероприятий по обеспечению деятельности советников директора по воспитанию и взаимодействию с детскими общественными объединениями в общеобразовательных организациях за счет средств местного бюджета, за счет средств бюджета автономного округа, за счет средств федерального бюджета» | E12: =F12+G12+H12 -> 0 | F12: 0 | G12: 0 | H12: 0 | I12: 0 | J12: =K12+L12+M12+N12 -> 0 | K12: 0 | L12: 0 | M12: 0 | N12: 0 | O12: =P12+Q12+R12+S12 -> 0 | P12: 0 | Q12: 0 | R12: 0 | S12: 0 | T12: 0 | U12: 0 | V12: 0 | W12: 0 | X12: 0 | Y12: 0 | Z12: 0 | AA12: 0 | AB12: 0
C13: Региональный проект «Педагоги и наставники» | D13: ДО | E13: =F13+G13+H13 -> 76089130 | F13: =F14+F15+F16 -> 0 | G13: =G14+G15+G16 -> 2178564 | H13: =H14+H15+H16 -> 73910566 | J13: =K13+L13+M13+N13 -> 101915500 | K13: =K14+K15+K16 -> 0 | L13: =L14+L15+L16 -> 3555100 | M13: =M14+M15+M16 -> 98360400 | N13: =N14+N15+N16 -> 0 | O13: =P13+Q13+R13+S13 -> 61557566 | P13: =P14+P15+P16 -> 0 | Q13: =Q14+Q15+Q16 -> 1255902.2 | R13: =R14+R15+R16 -> 60301663 | S13: =S14+S15+S16 -> 0 | T13: =O13/E13*100 -> 80.901918 | U13: 0 | V13: =Q13/G13*100 -> 57.648165 | W13: =R13/H13*100 -> 81.587338 | X13: =X14+X15+X16 -> 0 | Y13: =O13/J13*100 -> 60.400592 | Z13: 0 | AA13: =Q13/L13*100 -> 35.326775 | AB13: =R13/M13*100 -> 61.306851
B14: 021Ю651790 | C14: Проведение мероприятий по обеспечению деятельности советников директора по воспитанию и взаимодействию с детскими общественными объединениями в общеобразовательных организациях | E14: =F14+G14+H14 -> 3582825 | F14: 0 | G14: 2178564 | H14: 1404261 | J14: =K14+L14+M14+N14 -> 5828000 | K14: 0 | L14: 3555100 | M14: 2272900 | N14: 0 | O14: =P14+Q14+R14+S14 -> 2058856.5 | P14: 0 | Q14: 1255902.2 | R14: 802954.3 | S14: 0 | T14: =O14/E14*100 -> 57.464612 | U14: 0 | V14: =Q14/G14*100 -> 57.648165 | W14: =R14/H14*100 -> 57.179848 | X14: 0 | Y14: =O14/J14*100 -> 35.326981 | Z14: 0 | AA14: =Q14/L14*100 -> 35.326775 | AB14: =R14/M14*100 -> 35.327304
B15: 021Ю653030 | C15: Ежемесячное денежное вознаграждение за классное руководство педагогическим работникам государственных и муниципальных образовательных организаций, реализующих образовательные программы начального общего образования, образовательные программы основного общего образования, образовательные программы среднего общего образования | E15: =F15+G15+H15 -> 70407664 | F15: 0 | G15: 0 | H15: 70407664 | J15: =K15+L15+M15+N15 -> 93431500 | K15: 0 | L15: 0 | M15: 93431500 | N15: 0 | O15: =P15+Q15+R15+S15 -> 57888457 | P15: 0 | Q15: 0 | R15: 57888457 | S15: 0 | T15: =O15/E15*100 -> 82.218971 | U15: 0 | V15: 0 | W15: =R15/H15*100 -> 82.218971 | X15: 0 | Y15: =O15/J15*100 -> 61.95818 | Z15: 0 | AA15: 0 | AB15: =R15/M15*100 -> 61.95818
B16: 024Ю650500 | C16: Обеспечение выплат ежемесячного денежного вознаграждения советникам директоров по воспитанию и взаимодействию с детскими общественными объединениями государственных общеобразовательных организаций, профессиональных образовательных организаций субъектов Российской Федерации, города Байконура и федеральной территории "Сириус", муниципальных общеобразовательных организаций и профессиональных образовательных организаций | E16: =F16+G16+H16 -> 2098641 | F16: 0 | G16: 0 | H16: 2098641 | J16: =K16+L16+M16+N16 -> 2656000 | K16: 0 | L16: 0 | M16: 2656000 | N16: 0 | O16: =P16+Q16+R16+S16 -> 1610252.4 | P16: 0 | Q16: 0 | R16: 1610252.4 | S16: 0 | T16: =O16/E16*100 -> 76.728338 | U16: 0 | V16: 0 | W16: =R16/H16*100 -> 76.728338 | X16: 0 | Y16: =O16/J16*100 -> 60.626971 | Z16: 0 | AA16: 0 | AB16: =R16/M16*100 -> 60.626971
A17: 1.2. | C17: Региональный проект «Укрепление материально-технической базы образовательных организаций, организаций для отдыха и оздоровления детей» | D17: ДГиЗО | E17: =F17+G17+H17+I17 -> 214795173 | F17: =F18+F20+F22 -> 214795173 | G17: =G18+G20+G22 -> 0 | H17: =H18+H20+H22 -> 0 | I17: =I18+I20 -> 0 | J17: =K17+L17+M17+N17 -> 345852573 | K17: =K18+K20+K22 -> 345852573 | L17: =L18+L20+L22 -> 0 | M17: =M18+M20+M22 -> 0 | N17: =N18+N20+N22 -> 0 | O17: =P17+Q17+R17+S17 -> 170704709 | P17: =P18+P20+P22 -> 170704709 | Q17: =Q18+Q20+Q22 -> 0 | R17: =R18+R20+R22 -> 0 | S17: =S18+S20+S22 -> 0 | T17: =O17/E17*100 -> 79.473252 | U17: =P17/F17*100 -> 79.473252 | V17: 0 | W17: 0 | X17: =X18+X19+X20+X21+X22+X23 -> 0 | Y17: =O17/J17*100 -> 49.357652 | Z17: =P17/K17*100 -> 49.357652 | AA17: 0 | AB17: 0
B18: 02 5 01 82090 | C18: Создание образовательных организаций, организаций для отдыха и оздоровления детей за счет средств бюджета автономного округа» | E18: =F18+G18+H18+I18 -> 0 | F18: =F19 -> 0 | G18: =G19 -> 0 | H18: =H19 -> 0 | I18: 0 | J18: =J19 -> 0 | K18: =K19 -> 0 | L18: =L19 -> 0 | M18: =M19 -> 0 | N18: 0 | O18: =P18+Q18+R18+S18 -> 0 | P18: =P19 -> 0 | Q18: =Q19 -> 0 | R18: =R19 -> 0 | S18: =S19 -> 0 | T18: =U18+V18+W18+X18 -> 0 | U18: 0 | V18: 0 | W18: 0 | X18: 0 | Y18: =Z18+AA18+AB18 -> 0 | Z18: 0 | AA18: 0 | AB18: 0
C19: "Детский сад на 300 мест в 16 микрорайоне г.Нефтеюганска" | E19: =F19+G19+H19 -> 0 | F19: 0 | G19: 0 | H19: 0 | J19: =K19+L19+M19+N19 -> 0 | K19: 0 | L19: 0 | M19: 0 | N19: 0 | O19: =P19+Q19+R19+S19 -> 0 | P19: 0 | Q19: 0 | R19: 0 | S19: 0 | T19: =U19+V19+W19+X19 -> 0 | U19: 0 | V19: 0 | W19: 0 | X19: 0 | Y19: =Z19+AA19+AB19 -> 0 | Z19: 0 | AA19: 0 | AB19: 0
B20: 02 5 01 S2090 | C20: Создание образовательных организаций, организаций для отдыха и оздоровления детей» | E20: =F20+G20+H20+I20 -> 0 | F20: =F21 -> 0 | G20: =G21 -> 0 | H20: =H21 -> 0 | I20: 0 | J20: =K20+L20+M20+N20 -> 0 | K20: =K21 -> 0 | L20: =L21 -> 0 | M20: =M21 -> 0 | N20: =N21 -> 0 | O20: =P20+Q20+R20+S20 -> 0 | P20: =P21 -> 0 | Q20: =Q21 -> 0 | R20: =R21 -> 0 | S20: =S21 -> 0 | T20: =U20+V20+W20+X20 -> 0 | U20: 0 | V20: 0 | W20: 0 | X20: 0 | Y20: =Z20+AA20+AB20 -> 0 | Z20: 0 | AA20: 0 | AB20: 0
C21: "Детский сад на 300 мест в 16 микрорайоне г.Нефтеюганска" | E21: =F21+G21+H21 -> 0 | F21: 0 | G21: 0 | H21: 0 | J21: =K21+L21+M21+N21 -> 0 | K21: 0 | L21: 0 | M21: 0 | N21: 0 | O21: =P21+Q21+R21+S21 -> 0 | P21: 0 | Q21: 0 | R21: 0 | S21: 0 | T21: =U21+V21+W21+X21 -> 0 | U21: 0 | V21: 0 | W21: 0 | X21: 0 | Y21: =Z21+AA21+AB21 -> 0 | Z21: 0 | AA21: 0 | AB21: 0
B22: 02 5 01 42110 | C22: Строительство и реконструкция объектов муниципальной собственности | E22: =F22+G22+H22+I22 -> 214795173 | F22: =F23 -> 214795173 | G22: =G23 -> 0 | H22: =H23 -> 0 | J22: =J23 -> 345852573 | K22: =K23 -> 345852573 | L22: =L23 -> 0 | M22: =M23 -> 0 | N22: =N23 -> 0 | O22: =P22+Q22+R22+S22 -> 170704709 | P22: =P23 -> 170704709 | Q22: =Q23 -> 0 | R22: =R23 -> 0 | S22: =S23 -> 0 | T22: =O22/E22*100 -> 79.473252 | U22: =P22/F22*100 -> 79.473252 | V22: 0 | W22: 0 | X22: 0 | Y22: =O22/J22*100 -> 49.357652 | Z22: =P22/K22*100 -> 49.357652 | AA22: 0 | AB22: 0
C23: "Детский сад на 300 мест в 16 микрорайоне г.Нефтеюганска" | E23: =F23+G23+H23+I23 -> 214795173 | F23: 214795173 | G23: 0 | H23: 0 | J23: =K23+L23+M23+N23 -> 345852573 | K23: 345852573 | L23: 0 | M23: 0 | N23: 0 | O23: =P23+Q23+R23+S23 -> 170704709 | P23: 170704709 | Q23: 0 | R23: 0 | S23: 0 | T23: =O23/E23*100 -> 79.473252 | U23: =P23/F23*100 -> 79.473252 | V23: 0 | W23: 0 | X23: 0 | Y23: =O23/J23*100 -> 49.357652 | Z23: =P23/K23*100 -> 49.357652 | AA23: 0 | AB23: 0
A24: 1.3. | B24: 02 4 11 0000 | C24: Структурный элемент «Комплекс процессных мероприятий «Содействие развитию дошкольного, общего и дополнительного образования детей и их воспитания» (всего), в том числе: | D24: ДО | E24: =E25+E26+E27+E28+E29+E30+E31+E32+E33+E34+E35+E36+E37+E38+E39 -> 4.8185279e+09 | F24: =F25+F26+F27+F28+F29+F30+F31+F32+F33+F34+F35+F36+F37+F38+F39 -> 1.0376606e+09 | G24: =G25+G26+G27+G28+G29+G30+G31+G32+G33+G34+G35+G36+G37+G38+G39 -> 3.7546538e+09 | H24: =H25+H26+H27+H28+H29+H30+H31+H32+H33+H34+H35+H36+H37+H38+H39 -> 26213486 | I24: =I25+I26+I27+I28+I29+I30+I31+I32+I33+I34+I35+I36+I37+I38+I39 -> 0 | J24: =J25+J26+J27+J28+J29+J30+J31+J32+J33+J34+J35+J36+J37+J38+J39 -> 6501675901 | K24: =K25+K26+K27+K28+K29+K30+K31+K32+K33+K34+K35+K36+K37+K38+K39 -> 1294933301 | L24: =L25+L26+L27+L28+L29+L30+L31+L32+L33+L34+L35+L36+L37+L38+L39 -> 5163257300 | ... S24: =S25+S26+S27+S28+S29+S30+S31+S32+S33+S34+S35+S36+S37+S38+S39 -> 0 | T24: =O24/E24*100 -> 81.190399 | U24: =P24/F24*100 -> 69.286819 | V24: =Q24/G24*100 -> 84.449846 | W24: =R24/H24*100 -> 85.530911 | X24: =N24/I24*100 -> #DIV/0! | Y24: =O24/J24*100 -> 60.171901 | Z24: =P24/K24*100 -> 55.521163 | AA24: =Q24/L24*100 -> 61.410833 | AB24: =R24/M24*100 -> 51.559109
B25: 02 4 11 00590 | C25: Расходы на обеспечение деятельности (оказание услуг) муниципальных учреждений | E25: =F25+G25+H25+I25 -> 1.0251393e+09 | F25: 1.0251393e+09 | G25: 0 | H25: 0 | I25: 0 | J25: =K25+L25+M25+N25 -> 1276044822 | K25: 1276044822 | L25: 0 | M25: 0 | N25: 0 | O25: =P25+Q25+R25+S25 -> 7.0930233e+08 | P25: 7.0930233e+08 | Q25: 0 | R25: 0 | S25: 0 | T25: =O25/E25*100 -> 69.190827 | U25: =P25/F25*100 -> 69.190827 | V25: 0 | W25: 0 | X25: 0 | Y25: =O25/J25*100 -> 55.586005 | Z25: =P25/K25*100 -> 55.586005 | AA25: 0 | AB25: 0
B26: 02 4 11 61804 | C26: На дополнительное финансовое обеспечение мероприятий по организации питания обучающихся социально ориентированным некоммерческим организациям, не являющимся муниципальными учреждениями, осуществляющим деятельность в городе Нефтеюганске | E26: =F26+G26+H26+I26 -> 300000 | F26: 300000 | G26: 0 | H26: 0 | I26: 0 | J26: =K26+L26+M26+N26 -> 540000 | K26: 540000 | L26: 0 | M26: 0 | N26: 0 | O26: =P26+Q26+R26+S26 -> 180240 | P26: 180240 | Q26: 0 | R26: 0 | S26: 0 | T26: =O26/E26*100 -> 60.08 | U26: =P26/F26*100 -> 60.08 | V26: 0 | W26: 0 | X26: 0 | Y26: =O26/J26*100 -> 33.377778 | Z26: =P26/K26*100 -> 33.377778 | AA26: 0 | AB26: 0
B27: 02 4 11 82480 | C27: Дополнительное финансовое обеспечение мероприятий по организации питания обучающихся начальных классов с 1 по 4 классы частных общеобразовательных организаций, осуществляющих образовательную деятельность по имеющим государственную аккредитацию основным общеобразовательным программам | E27: =F27+G27+H27+I27 -> 325000 | F27: 0 | G27: 325000 | H27: 0 | I27: 0 | J27: =K27+L27+M27+N27 -> 587400 | K27: 0 | L27: 587400 | M27: 0 | N27: 0 | O27: =P27+Q27+R27+S27 -> 189570 | P27: 0 | Q27: 189570 | R27: 0 | S27: 0 | T27: =O27/E27*100 -> 58.329231 | U27: 0 | V27: =Q27/G27*100 -> 58.329231 | W27: 0 | X27: 0 | Y27: =O27/J27*100 -> 32.272727 | Z27: 0 | AA27: =Q27/L27*100 -> 32.272727 | AB27: 0
B28: 02 4 11 84030 | C28: Социальная поддержка отдельных категорий обучающихся в муниципальных общеобразовательных организациях, частных общеобразовательных организациях, осуществляющих образовательную деятельность по имеющим государственную аккредитацию основным общеобразовательным программам | E28: =F28+G28+H28+I28 -> 189182257 | F28: 0 | G28: 189182257 | H28: 0 | I28: 0 | J28: =K28+L28+M28+N28 -> 280186700 | K28: 0 | L28: 280186700 | M28: 0 | N28: 0 | O28: =P28+Q28+R28+S28 -> 1.5159588e+08 | P28: 0 | Q28: 1.5159588e+08 | R28: 0 | S28: 0 | T28: =O28/E28*100 -> 80.132185 | U28: 0 | V28: =Q28/G28*100 -> 80.132185 | W28: 0 | X28: 0 | Y28: =O28/J28*100 -> 54.105308 | Z28: 0 | AA28: =Q28/L28*100 -> 54.105308 | AB28: 0
B29: 02 4 11 84050 | C29: Предоставление компенсации части родительской платы, компенсации расходов в связи с освобождением от взимания родительской платы за присмотр и уход за детьми в организациях, осуществляющих образовательную деятельность по реализации образовательной программы дошкольного образования | E29: =F29+G29+H29+I29 -> 75324512 | F29: 0 | G29: 75324512 | H29: 0 | I29: 0 | J29: =K29+L29+M29+N29 -> 100113500 | K29: 0 | L29: 100113500 | M29: 0 | N29: 0 | O29: =P29+Q29+R29+S29 -> 60990714 | P29: 0 | Q29: 60990714 | R29: 0 | S29: 0 | T29: =O29/E29*100 -> 80.970606 | U29: 0 | V29: =Q29/G29*100 -> 80.970606 | W29: 0 | X29: 0 | Y29: =O29/J29*100 -> 60.921568 | Z29: 0 | AA29: =Q29/L29*100 -> 60.921568 | AB29: 0
B30: 02 4 11 84301 | C30: Реализация программ дошкольного образования муниципальными образовательными организациями | E30: =F30+G30+H30+I30 -> 941820758 | F30: 0 | G30: 941820758 | H30: 0 | I30: 0 | J30: =K30+L30+M30+N30 -> 1318365100 | K30: 0 | L30: 1318365100 | M30: 0 | N30: 0 | O30: =P30+Q30+R30+S30 -> 843596672 | P30: 0 | Q30: 843596672 | R30: 0 | S30: 0 | T30: =O30/E30*100 -> 89.57083 | U30: 0 | V30: =Q30/G30*100 -> 89.57083 | W30: 0 | X30: 0 | Y30: =O30/J30*100 -> 63.988092 | Z30: 0 | AA30: =Q30/L30*100 -> 63.988092 | AB30: 0
B31: 02 4 11 84302 | C31: Субсидии на реализацию программ дошкольного образования частными организациями | E31: =F31+G31+H31+I31 -> 16710200 | F31: 0 | G31: 16710200 | H31: 0 | I31: 0 | J31: =K31+L31+M31+N31 -> 137157500 | K31: 0 | L31: 137157500 | M31: 0 | N31: 0 | O31: =P31+Q31+R31+S31 -> 10478969 | P31: 0 | Q31: 10478969 | R31: 0 | S31: 0 | T31: =O31/E31*100 -> 62.710014 | U31: 0 | V31: =Q31/G31*100 -> 62.710014 | W31: 0 | X31: 0 | Y31: =O31/J31*100 -> 7.640099 | Z31: 0 | AA31: =Q31/L31*100 -> 7.640099 | AB31: 0
B32: 02 4 11 84303 | C32: Реализация основных общеобразовательных программ муниципальными общеобразовательными организациями | E32: =F32+G32+H32+I32 -> 2376983781 | F32: 0 | G32: 2376983781 | H32: 0 | I32: 0 | J32: =K32+L32+M32+N32 -> 3086836700 | K32: 0 | L32: 3086836700 | N32: 0 | O32: =P32+Q32+R32+S32 -> 1.9829374e+09 | P32: 0 | Q32: 1.9829374e+09 | R32: 0 | S32: 0 | T32: =O32/E32*100 -> 83.422421 | U32: 0 | V32: =Q32/G32*100 -> 83.422421 | W32: 0 | X32: 0 | Y32: =O32/J32*100 -> 64.238494 | Z32: 0 | AA32: =Q32/L32*100 -> 64.238494 | AB32: 0
B33: 02 4 11 84304 | C33: Субсидии на реализацию основных общеобразовательных программ частными общеобразовательными организациями | E33: =F33+G33+H33+I33 -> 39182200 | F33: 0 | G33: 39182200 | H33: 0 | I33: 0 | J33: =K33+L33+M33+N33 -> 56482200 | K33: 0 | L33: 56482200 | M33: 0 | N33: 0 | O33: =P33+Q33+R33+S33 -> 29941674 | P33: 0 | Q33: 29941674 | R33: 0 | S33: 0 | T33: =O33/E33*100 -> 76.41652 | U33: 0 | V33: =Q33/G33*100 -> 76.41652 | W33: 0 | X33: 0 | Y33: =O33/J33*100 -> 53.010813 | Z33: 0 | AA33: =Q33/L33*100 -> 53.010813 | AB33: 0
B34: 02 4 11 84306 | C34: Обеспечение дополнительного образования детей в муниципальных общеобразовательных организациях | E34: =F34+G34+H34+I34 -> 44400152 | F34: 0 | G34: 44400152 | H34: 0 | J34: =K34+L34+M34+N34 -> 48124800 | K34: 0 | L34: 48124800 | M34: 0 | N34: 0 | O34: =P34+Q34+R34+S34 -> 31814935 | P34: 0 | Q34: 31814935 | R34: 0 | S34: 0 | T34: =O34/E34*100 -> 71.655014 | U34: 0 | V34: =Q34/G34*100 -> 71.655014 | W34: 0 | X34: 0 | Y34: =O34/J34*100 -> 66.10923 | Z34: 0 | AA34: =Q34/L34*100 -> 66.10923 | AB34: 0
B35: 02 4 11 84307 | C35: Создание условий для осуществления присмотра и ухода за детьми, содержания детей в частных организациях, осуществляющих образовательную деятельность по реализации образовательных программ дошкольного образования | E35: =F35+G35+H35+I35 -> 2520000 | F35: 0 | G35: 2520000 | H35: 0 | J35: =K35+L35+M35+N35 -> 22848000 | K35: 0 | L35: 22848000 | M35: 0 | N35: 0 | O35: =P35+Q35+R35+S35 -> 1324000 | P35: 0 | Q35: 1324000 | R35: 0 | S35: 0 | T35: =O35/E35*100 -> 52.539683 | U35: 0 | V35: =Q35/G35*100 -> 52.539683 | W35: 0 | X35: 0 | Y35: =O35/J35*100 -> 5.7948179 | Z35: 0 | AA35: =Q35/L35*100 -> 5.7948179 | AB35: 0
B36: 02 4 11 85060 | C36: Реализация мероприятий по содействию трудоустройству граждан | E36: =F36+G36+H36+I36 -> 100000 | F36: 0 | G36: 100000 | H36: 0 | I36: 0 | J36: =K36+L36+M36+N36 -> 200000 | K36: 0 | L36: 200000 | M36: 0 | N36: 0 | O36: =P36+Q36+R36+S36 -> 0 | P36: 0 | Q36: 0 | R36: 0 | S36: 0 | T36: =O36/E36*100 -> 0 | U36: 0 | V36: 0 | W36: 0 | X36: 0 | Y36: =O36/J36*100 -> 0 | Z36: 0 | AA36: =Q36/L36*100 -> 0 | AB36: 0
B37: 02 4 11 99990 | C37: Реализация мероприятий | E37: =F37+G37+H37+I37 -> 2935679 | F37: 2935679 | G37: 0 | H37: 0 | I37: 0 | J37: =K37+L37+M37+N37 -> 2935679 | K37: 2935679 | L37: 0 | M37: 0 | N37: 0 | O37: =P37+Q37+R37+S37 -> 1532742.8 | P37: 1532742.8 | Q37: 0 | R37: 0 | S37: 0 | T37: =O37/E37*100 -> 52.210846 | U37: =P37/F37*100 -> 52.210846 | V37: 0 | W37: 0 | X37: 0 | Y37: =O37/J37*100 -> 52.210846 | Z37: =P37/K37*100 -> 52.210846 | AA37: 0 | AB37: 0
B38: 02 4 11 L3040 | C38: Организация бесплатного горячего питания обучающихся, получающих начальное общее образование в государственных и муниципальных образовательных организациях | E38: =F38+G38+H38+I38 -> 103604076 | F38: 9285663 | G38: 68104927 | H38: 26213486 | I38: 0 | J38: =K38+L38+M38+N38 -> 171253500 | K38: 15412800 | L38: 112355400 | M38: 43485300 | N38: 0 | O38: =P38+Q38+R38+S38 -> 88296871 | P38: 7946710.6 | Q38: 57929526 | R38: 22420633 | S38: 0 | T38: =O38/E38*100 -> 85.225286 | U38: =P38/F38*100 -> 85.580433 | V38: =Q38/G38*100 -> 85.05923 | W38: =R38/H38*100 -> 85.530911 | X38: 0 | Y38: =O38/J38*100 -> 51.559163 | Z38: =P38/K38*100 -> 51.559163 | AA38: =Q38/L38*100 -> 51.559183 | AB38: =R38/M38*100 -> 51.559109
B39: 02 4 11 85160 | C39: Иные межбюджетные трансферты на реализацию наказов избирателей депутатам Думы ХМАО-Югры за счет средств автономного округа | E39: =F39+G39+H39+I39 -> 0 | F39: 0 | G39: 0 | H39: 0 | I39: 0 | J39: =K39+L39+M39+N39 -> 0 | K39: 0 | L39: 0 | M39: 0 | N39: 0 | O39: =P39+Q39+R39+S39 -> 0 | P39: 0 | Q39: 0 | R39: 0 | S39: 0 | T39: 0 | U39: 0 | V39: 0 | W39: 0 | X39: 0 | Y39: 0 | Z39: 0 | AA39: 0 | AB39: 0
A40: 1.4. | B40: 02 4 12 0000 | C40: Структурный элемент «Комплекс процессных мероприятий "Персонифицированное финансирование дополнительного образования» (всего), в том числе: | D40: ДО и КФКиС | E40: =F40+G40+H40+I40 -> 34496144 | F40: =F41+F42 -> 34496144 | G40: =G41+G42 -> 0 | H40: =H41+H42 -> 0 | I40: =I41 -> 0 | J40: =K40+L40+M40+N40 -> 52228180 | K40: =K41+K42 -> 52228180 | L40: =L41+L42 -> 0 | M40: =M41+M42 -> 0 | N40: =N41+N42 -> 0 | O40: =P40+Q40+R40+S40 -> 25729145 | P40: =P41+P42 -> 25729145 | Q40: =Q41+Q42 -> 0 | R40: =R41+R42 -> 0 | S40: =S41+S42 -> 0 | T40: =O40/E40*100 -> 74.585568 | U40: =P40/F40*100 -> 74.585568 | V40: 0 | W40: 0 | X40: 0 | Y40: =O40/J40*100 -> 49.262955 | Z40: =P40/K40*100 -> 49.262955 | AA40: 0 | AB40: 0
B41: 02 4 12 99990 | C41: Реализация мероприятий | D41: ДО | E41: =F41+G41+H41+I41 -> 34496144 | F41: 34496144 | G41: 0 | H41: 0 | I41: 0 | J41: =K41+L41+M41+N41 -> 52228180 | K41: 52228180 | L41: 0 | M41: 0 | N41: 0 | O41: =P41+Q41+R41+S41 -> 25729145 | P41: 25729145 | Q41: 0 | R41: 0 | S41: 0 | T41: =O41/E41*100 -> 74.585568 | U41: =P41/F41*100 -> 74.585568 | V41: 0 | W41: 0 | X41: 0 | Y41: =T41/J41*100 -> 0.00014280714 | Z41: =P41/K41*100 -> 49.262955 | AA41: 0 | AB41: 0
B42: 02 4 12 99990 | C42: Реализация мероприятий | D42: КФКиС | E42: =F42+G42+H42+I42 -> 0 | F42: 0 | G42: 0 | H42: 0 | J42: =K42+L42+M42+N42 -> 0 | K42: 0 | L42: 0 | M42: 0 | N42: 0 | O42: =P42+Q42+R42+S42 -> 0 | P42: 0 | Q42: 0 | R42: 0 | S42: 0 | T42: 0 | U42: 0 | V42: 0 | W42: 0 | X42: 0 | Y42: 0 | Z42: 0 | AA42: 0 | AB42: 0
A43: 1.5. | B43: 02 4 13 0000 | C43: Структурный элемент «Комплекс процессных мероприятий "Социальная поддержка для граждан, заключивших договор о целевом обучении по программе высшего образования в высших учебных заведениях Ханты-Мансийского автономного округа-Югры по педагогическим специальностям» (всего), в том числе: | D43: ДО | E43: =F43+G43+H43+I43 -> 36000 | F43: =F44 -> 36000 | G43: =G44 -> 0 | H43: =H44 -> 0 | I43: =I44 -> 0 | J43: =K43+L43+M43+N43 -> 72000 | K43: =K44 -> 72000 | L43: =L44 -> 0 | M43: =M44 -> 0 | N43: =N44 -> 0 | O43: =P43+Q43+R43+S43 -> 6000 | P43: =P44 -> 6000 | Q43: =Q44 -> 0 | R43: =R44 -> 0 | S43: =S44 -> 0 | T43: =O43/E43*100 -> 16.666667 | U43: =P43/F43*100 -> 16.666667 | V43: 0 | W43: 0 | X43: 0 | Y43: =O43/J43*100 -> 8.3333333 | Z43: =P43/K43*100 -> 8.3333333 | AA43: 0 | AB43: 0
B44: 02 4 13 99990 | C44: Реализация мероприятий | E44: =F44+G44+H44+I44 -> 36000 | F44: 36000 | G44: 0 | H44: 0 | I44: 0 | J44: =K44+L44+M44+N44 -> 72000 | K44: 72000 | L44: 0 | M44: 0 | N44: 0 | O44: =P44+Q44+R44+S44 -> 6000 | P44: 6000 | Q44: 0 | R44: 0 | S44: 0 | T44: =O44/E44*100 -> 16.666667 | U44: =P44/F44*100 -> 16.666667 | V44: 0 | W44: 0 | X44: 0 | Y44: =O44/J44*100 -> 8.3333333 | Z44: =P44/K44*100 -> 8.3333333 | AA44: 0 | AB44: 0
A45: 1.6. | B45: 02 4 14 0000 | C45: Структурный элемент «Комплекс процессных мероприятий «Качество образования» (всего), в том числе: | D45: ДО | E45: =F45+G45+H45+I45 -> 4740530 | F45: =F46+F47 -> 852830 | G45: =G46+G47 -> 3887700 | H45: =H46+H47 -> 0 | I45: =I46+I47 -> 0 | J45: =K45+L45+M45+N45 -> 4910530 | K45: =K46+K47 -> 852830 | L45: =L46+L47 -> 4057700 | M45: =M46+M47 -> 0 | N45: =N46+N47 -> 0 | O45: =P45+Q45+R45+S45 -> 3245392.6 | P45: =P46+P47 -> 0 | Q45: =Q46+Q47 -> 3245392.6 | R45: =R46+R47 -> 0 | S45: =S46+S47 -> 0 | T45: =O45/E45*100 -> 68.460543 | U45: =P45/F45*100 -> 0 | V45: =Q45/G45*100 -> 83.478472 | W45: 0 | X45: 0 | Y45: =O45/J45*100 -> 66.090474 | Z45: =P45/K45*100 -> 0 | AA45: =Q45/L45*100 -> 79.981087 | AB45: 0
B46: 02 4 14 84305 | C46: Обеспечение проведения государственной итоговой аттестации, завершающей освоение основных образовательных программ основного общего и среднего общего образования | E46: =F46+G46+H46+I46 -> 3887700 | F46: 0 | G46: 3887700 | H46: 0 | I46: 0 | J46: =K46+L46+M46+N46 -> 4057700 | K46: 0 | L46: 4057700 | N46: 0 | O46: =P46+Q46+R46+S46 -> 3245392.6 | P46: 0 | Q46: 3245392.6 | R46: 0 | S46: 0 | T46: =O46/E46*100 -> 83.478472 | U46: 0 | V46: =Q46/G46*100 -> 83.478472 | W46: 0 | X46: 0 | Y46: =O46/J46*100 -> 79.981087 | Z46: 0 | AA46: =Q46/L46*100 -> 79.981087 | AB46: 0
B47: 02 4 14 99990 | C47: Реализация мероприятий | E47: =F47+G47+H47+I47 -> 852830 | F47: 852830 | G47: 0 | H47: 0 | I47: 0 | J47: =K47+L47+M47+N47 -> 852830 | K47: 852830 | L47: 0 | M47: 0 | N47: 0 | O47: =P47+Q47+R47+S47 -> 0 | P47: 0 | Q47: 0 | R47: 0 | S47: 0 | T47: =O47/E47*100 -> 0 | U47: =P47/F47*100 -> 0 | V47: 0 | W47: 0 | X47: 0 | Y47: =O47/J47*100 -> 0 | Z47: =P47/K47*100 -> 0 | AA47: 0 | AB47: 0
A48: 1.7. | C48: Структурный элемент «Комплекс процессных мероприятий «Повышение уровня правового воспитания участников дорожного движения, культуры их поведения и профилактика детского дорожно-транспортного травматизма» (всего), в том числе: | D48: ДО | E48: =F48+G48+H48+I48 -> 165221 | F48: =F49 -> 165221 | G48: =G49 -> 0 | H48: =H49 -> 0 | I48: =I49 -> 0 | J48: =K48+L48+M48+N48 -> 165221 | K48: =K49 -> 165221 | L48: =L49 -> 0 | M48: =M49 -> 0 | N48: =N49 -> 0 | O48: =P48+Q48+R48+S48 -> 147830 | P48: =P49 -> 147830 | Q48: =Q49 -> 0 | R48: =R49 -> 0 | S48: =S49 -> 0 | T48: =O48/E48*100 -> 89.474098 | U48: =P48/F48*100 -> 89.474098 | V48: 0 | W48: 0 | X48: 0 | Y48: =O48/J48*100 -> 89.474098 | Z48: =P48/K48*100 -> 89.474098 | AA48: 0 | AB48: 0
B49: 02 4 15 99990 | C49: Реализация мероприятий | E49: =F49+G49+H49+I49 -> 165221 | F49: 165221 | G49: 0 | H49: 0 | I49: 0 | J49: =K49+L49+M49+N49 -> 165221 | K49: 165221 | L49: 0 | M49: 0 | N49: 0 | O49: =P49+Q49+R49+S49 -> 147830 | P49: 147830 | Q49: 0 | R49: 0 | S49: 0 | T49: =O49/E49*100 -> 89.474098 | U49: =P49/F49*100 -> 89.474098 | V49: 0 | W49: 0 | X49: 0 | Y49: =O49/J49*100 -> 89.474098 | Z49: =P49/K49*100 -> 89.474098 | AA49: 0 | AB49: 0
C50: Структурный элемент »Комплекс процессных мероприятий «Развитие материально-технической базы образовательных органзаций» (всего), в том числе: | D50: ДГиЗО | E50: =F50+G50+H50 -> 211404305 | F50: =F51+F54 -> 211404305 | G50: =G51+G54 -> 0 | H50: =H51+H54 -> 0 | J50: =J51+J54 -> 378706899 | K50: =K51+K54 -> 378706899 | L50: =L51+L54 -> 0 | M50: =M51+M54 -> 0 | N50: =N51+N54 -> 0 | O50: =P50+Q50+R50+S50 -> 1.0200081e+08 | P50: =P51+P54 -> 1.0200081e+08 | Q50: =Q51+Q54 -> 0 | R50: =R51+R54 -> 0 | S50: =S51+S54 -> 0 | T50: =O50/E50*100 -> 48.249164 | U50: =P50/F50*100 -> 48.249164 | V50: 0 | W50: 0 | X50: 0 | Y50: =O50/J50*100 -> 26.933972 | Z50: =P50/K50*100 -> 26.933972 | AA50: 0 | AB50: 0
B51: 02 4 18 42110 | C51: Строительство и реконструкция объектов муниципальной собственности | E51: =F51+G51+H51 -> 0 | F51: =F52+F53 -> 0 | G51: =G52+G53 -> 0 | H51: =H52+H53 -> 0 | J51: =J52+J53 -> 11519521 | K51: =K52+K53 -> 11519521 | L51: =L52+L53 -> 0 | M51: =M52+M53 -> 0 | N51: =N52+N53 -> 0 | O51: =P51+Q51+R51+S51 -> 0 | P51: =P52+P53 -> 0 | Q51: =Q52+Q53 -> 0 | R51: =R52+R53 -> 0 | S51: =S52+S53 -> 0 | T51: 0 | U51: 0 | V51: 0 | W51: 0 | X51: 0 | Y51: =O51/J51*100 -> 0 | Z51: =P51/K51*100 -> 0 | AA51: 0 | AB51: 0
C52: «Здание средней школы №4» (устройство теплового перехода)» | E52: =F52+G52+H52 -> 0 | F52: 0 | G52: 0 | H52: 0 | J52: =K52+L52+M52+N52 -> 11433147 | K52: 11433147 | L52: 0 | M52: 0 | N52: 0 | O52: =P52+Q52+R52+S52 -> 0 | P52: 0 | Q52: 0 | R52: 0 | S52: 0 | T52: 0 | U52: 0 | V52: 0 | W52: 0 | X52: 0 | Y52: =O52/J52*100 -> 0 | Z52: =P52/K52*100 -> 0 | AA52: 0 | AB52: 0
C53: ПИР «Нежилое строение гаража» (здание мастерских МБОУ «СОШ №10»)» | E53: =F53+G53+H53 -> 0 | F53: 0 | G53: 0 | H53: 0 | J53: =K53+L53+M53+N53 -> 86374 | K53: 86374 | L53: 0 | M53: 0 | N53: 0 | O53: =P53+Q53+R53+S53 -> 0 | P53: 0 | Q53: 0 | R53: 0 | S53: 0 | T53: 0 | U53: 0 | V53: 0 | W53: 0 | X53: 0 | Y53: =O53/J53*100 -> 0 | Z53: =P53/K53*100 -> 0 | AA53: 0 | AB53: 0
B54: 02 4 18 99990 | C54: Реализация мероприятий | E54: =F54+G54+H54 -> 211404305 | F54: =F56+F57+F58+F55+F59 -> 211404305 | G54: =G56+G57+G58+G55+G59 -> 0 | H54: =H56+H57+H58+H55+H59 -> 0 | J54: =J56+J57+J58+J55+J59 -> 367187378 | K54: =K56+K57+K58+K55+K59 -> 367187378 | L54: =L56+L57+L58+L55+L59 -> 0 | M54: =M56+M57+M58+M55+M59 -> 0 | N54: =N56+N57+N58+N55 -> 0 | O54: =P54+Q54+R54+S54 -> 1.0200081e+08 | P54: =P56+P57+P58+P55+P59 -> 1.0200081e+08 | Q54: =Q56+Q57+Q58+Q55+Q59 -> 0 | R54: =R56+R57+R58+R55+R59 -> 0 | S54: =S56+S57+S58+S55 -> 0 | T54: =O54/E54*100 -> 48.249164 | U54: =P54/F54*100 -> 48.249164 | V54: 0 | W54: 0 | X54: 0 | Y54: =O54/J54*100 -> 27.778953 | Z54: =P54/K54*100 -> 27.778953 | AA54: 0 | AB54: 0
C55: ПИР «Нежилое здание средней школы №14», расположенное по адресу: 11б микрорайон, ул.Центральная, здание №18 | E55: =F55+G55+H55 -> 205688350 | F55: 205688350 | G55: 0 | H55: 0 | J55: =K55+L55+M55+N55 -> 361471423 | K55: 361471423 | L55: 0 | M55: 0 | N55: 0 | O55: =P55+Q55+R55+S55 -> 1.0200081e+08 | P55: 1.0200081e+08 | Q55: 0 | R55: 0 | S55: 0 | T55: =O55/E55*100 -> 49.589979 | U55: =P55/F55*100 -> 49.589979 | V55: 0 | W55: 0 | X55: 0 | Y55: =O55/J55*100 -> 28.218223 | Z55: =P55/K55*100 -> 28.218223 | AA55: 0 | AB55: 0
C56: "МБДОУ "Детский сад №5 "Ивушка" (фасад), расположенного по адресу: г.Нефтеюганск, мкр-н 8, здание № 26" | E56: =F56+G56+H56 -> 0 | F56: 0 | G56: 0 | H56: 0 | J56: 0 | K56: 0 | L56: 0 | M56: 0 | N56: 0 | O56: =P56+Q56+R56+S56 -> 0 | P56: 0 | Q56: 0 | R56: 0 | S56: 0 | T56: 0 | U56: 0 | V56: 0 | W56: 0 | X56: 0 | Y56: 0 | Z56: 0 | AA56: 0 | AB56: 0
C57: "Помещение нежилое, расположенное по адресу: Ханты-Мансийский автономный округ–Югра, г.Нефтеюганск, мкр-н 14, строение 20/1" (капитальный ремонт)" | E57: =F57+G57+H57 -> 5715955 | F57: 5715955 | G57: 0 | H57: 0 | J57: =K57+L57+M57+N57 -> 5715955 | K57: 5715955 | L57: 0 | M57: 0 | N57: 0 | O57: =P57+Q57+R57+S57 -> 0 | P57: 0 | Q57: 0 | R57: 0 | S57: 0 | T57: =O57/E57*100 -> 0 | U57: =P57/F57*100 -> 0 | V57: 0 | W57: 0 | X57: 0 | Y57: =O57/J57*100 -> 0 | Z57: =P57/K57*100 -> 0 | AA57: 0 | AB57: 0
C58: Осуществление закупок подрядных работ по инженерным изысканиям и по подготовке проектной документации по объекту «Капитальный ремонт нежилых помещений, расположенных по адресу город Нефтеюганск, микрорайон 16а, здание 84, пом. 1 и 2 | E58: =F58+G58+H58 -> 0 | F58: 0 | G58: 0 | H58: 0 | J58: 0 | K58: 0 | L58: 0 | M58: 0 | N58: 0 | O58: =P58+Q58+R58+S58 -> 0 | P58: 0 | Q58: 0 | R58: 0 | S58: 0 | T58: 0 | U58: 0 | V58: 0 | W58: 0 | X58: 0 | Y58: =O58/J58*100 -> #DIV/0! | Z58: =P58/K58*100 -> #DIV/0! | AA58: 0 | AB58: 0
C59: Нежилое здание детского сада "Рябинка", расположенное по адресу: ХМАО, г.Нефтеюганск, мкр-н 9, строение 31 (благоустройство территории) | E59: =F59+G59+H59 -> 0 | F59: 0 | G59: 0 | J59: =K59+L59+M59+N59 -> 0 | K59: 0 | L59: 0 | M59: 0 | O59: =P59+Q59+R59+S59 -> 0 | P59: 0 | Q59: 0 | R59: 0 | T59: 0 | U59: 0 | V59: 0 | W59: 0 | Y59: =O59/J59*100 -> #DIV/0! | Z59: =P59/K59*100 -> #DIV/0! | AA59: 0 | AB59: 0
A60: 2. | C60: Направление (подпрограмма) «Ресурсное обеспечение в сфере образования» | E60: =E61 -> 45874951 | F60: =F61 -> 45874951 | G60: =G61 -> 0 | H60: =H61 -> 0 | I60: =I61 -> 0 | J60: =K60+L60+M60+N60 -> 63761957 | K60: =K61 -> 63761957 | L60: =L61 -> 0 | M60: =M61 -> 0 | N60: =N61 -> 0 | O60: =O61 -> 34083539 | P60: =P61 -> 34083539 | Q60: =Q61 -> 0 | R60: =R61 -> 0 | S60: =S61 -> 0 | T60: =O60/E60*100 -> 74.296622 | U60: =P60/F60*100 -> 74.296622 | V60: 0 | W60: 0 | X60: 0 | Y60: =O60/J60*100 -> 53.454349 | Z60: =P60/K60*100 -> 53.454349 | AA60: 0 | AB60: 0
A61: 2.1. | C61: Структурный элемент «Комплекс процессных мероприятий «Обеспечение деятельности органов местного самоуправления города Нефтеюганска» (всего), в том числе: | D61: ДО | E61: =F61+G61+H61 -> 45874951 | F61: =F62 -> 45874951 | G61: =G62 -> 0 | H61: =H62 -> 0 | I61: =I62 -> 0 | J61: =K61+L61+M61+N61 -> 63761957 | K61: =K62 -> 63761957 | L61: =L62 -> 0 | M61: =M62 -> 0 | N61: =N62 -> 0 | O61: =P61+Q61+R61+S61 -> 34083539 | P61: =P62 -> 34083539 | Q61: =Q62 -> 0 | R61: =R62 -> 0 | S61: =S62 -> 0 | T61: =O61/E61*100 -> 74.296622 | U61: =P61/F61*100 -> 74.296622 | V61: 0 | W61: 0 | X61: 0 | Y61: =O61/J61*100 -> 53.454349 | Z61: =P61/K61*100 -> 53.454349 | AA61: 0 | AB61: 0
B62: 02 4 01 02040 | C62: Расходы на обеспечение функций органов местного самоуправления | E62: =F62+G62+H62+I62 -> 45874951 | F62: 45874951 | G62: 0 | H62: 0 | I62: 0 | J62: =K62+L62+M62+N62 -> 63761957 | K62: 63761957 | M62: 0 | N62: 0 | O62: =P62+Q62+R62+S62 -> 34083539 | P62: 34083539 | Q62: 0 | R62: 0 | S62: 0 | T62: =O62/E62*100 -> 74.296622 | U62: =P62/F62*100 -> 74.296622 | V62: 0 | W62: 0 | X62: 0 | Y62: =O62/J62*100 -> 53.454349 | Z62: =P62/K62*100 -> 53.454349 | AA62: 0 | AB62: 0
A63: 3. | C63: Направление (подпрограмма) «Летний отдых и оздоровление» | E63: =F63+G63+H63+I63 -> 90384621 | F63: =F64 -> 21914528 | G63: =G64 -> 68470093 | H63: =H64 -> 0 | I63: =I64 -> 0 | J63: =K63+L63+M63+N63 -> 97194173 | K63: =K64 -> 23806083 | L63: =L64 -> 73388090 | M63: =M64 -> 0 | N63: =N64 -> 0 | O63: =O64 -> 71801345 | P63: =P64 -> 20659068 | Q63: =Q64 -> 51142276 | R63: =R64 -> 0 | S63: =S64 -> 0 | T63: =O63/E63*100 -> 79.439781 | U63: =P63/F63*100 -> 94.271108 | V63: =Q63/G63*100 -> 74.692868 | W63: 0 | X63: 0 | Y63: =O63/J63*100 -> 73.874125 | Z63: =P63/K63*100 -> 86.780628 | AA63: =Q63/L63*100 -> 69.687433 | AB63: 0
A64: 3.1. | C64: Структурный элемент «Содействие развитию летнего отдыха и оздоровления» (всего), в том числе: | D64: ДО | E64: =F64+G64+H64+I64 -> 90384621 | F64: =F65+F66+F67+F68 -> 21914528 | G64: =G65+G66+G67+G68 -> 68470093 | H64: =H65+H66+H67+H68 -> 0 | I64: =I65 -> 0 | J64: =K64+L64+M64+N64 -> 97194173 | K64: =K65+K66+K67+K68 -> 23806083 | L64: =L65+L66+L67+L68 -> 73388090 | M64: =M65+M66+M67+M68 -> 0 | N64: =N65+N66+N67+N68 -> 0 | O64: =P64+Q64+R64+S64 -> 71801345 | P64: =P65+P66+P67+P68 -> 20659068 | Q64: =Q65+Q66+Q67+Q68 -> 51142276 | R64: =R65+R66+R67+R68 -> 0 | S64: =S65+S66+S67+S68 -> 0 | T64: =O64/E64*100 -> 79.439781 | U64: =P64/F64*100 -> 94.271108 | V64: =Q64/G64*100 -> 74.692868 | W64: 0 | X64: 0 | Y64: =O64/J64*100 -> 73.874125 | Z64: =P64/K64*100 -> 86.780628 | AA64: =Q64/L64*100 -> 69.687433 | AB64: 0
B65: 02 4 16 20010 | C65: Мероприятия по организации отдыха и оздоровления детей | E65: =F65+G65+H65+I65 -> 12546590 | F65: 12546590 | G65: 0 | H65: 0 | I65: 0 | J65: =K65+L65+M65+N65 -> 12767090 | K65: 12767090 | L65: 0 | M65: 0 | N65: 0 | O65: =P65+Q65+R65+S65 -> 12047425 | P65: 12047425 | Q65: 0 | R65: 0 | S65: 0 | T65: =O65/E65*100 -> 96.021512 | U65: =P65/F65*100 -> 96.021512 | V65: 0 | W65: 0 | X65: 0 | Y65: =O65/J65*100 -> 94.363128 | Z65: =P65/K65*100 -> 94.363128 | AA65: 0 | AB65: 0
B66: 02 4 16 82050 | C66: Организация питания детей в возрасте от 6 до 17 лет (включительно) в лагерях с дневным пребыванием детей, в возрасте от 8 до 17 лет (включительно) – в палаточных лагерях, в возрасте от 14 до 17 лет (включительно) – в лагерях труда и отдыха с дневным пребыванием детей | E66: =F66+G66+H66+I66 -> 14051907 | F66: 0 | G66: 14051907 | H66: 0 | I66: 0 | J66: =K66+L66+M66+N66 -> 16558590 | K66: 0 | L66: 16558590 | M66: 0 | N66: 0 | O66: =P66+Q66+R66+S66 -> 12917464 | P66: 0 | Q66: 12917464 | R66: 0 | S66: 0 | T66: =O66/E66*100 -> 91.92677 | U66: 0 | V66: =Q66/G66*100 -> 91.92677 | W66: 0 | X66: 0 | Y66: =O66/J66*100 -> 78.010653 | Z66: 0 | AA66: =Q66/L66*100 -> 78.010653 | AB66: 0
B67: 02416S2050 | C67: Организация питания детей в возрасте от 6 до 17 лет (включительно) в лагерях с дневным пребыванием детей, в возрасте от 8 до 17 лет (включительно) – в палаточных лагерях, в возрасте от 14 до 17 лет (включительно) - в лагерях труда и отдыха с дневным пребыванием детей за счет средств бюджета муниципального образования | E67: =F67+G67+H67+I67 -> 9367938 | F67: 9367938 | G67: 0 | H67: 0 | I67: 0 | J67: =K67+L67+M67+N67 -> 11038993 | K67: 11038993 | L67: 0 | M67: 0 | N67: 0 | O67: =P67+Q67+R67+S67 -> 8611642.8 | P67: 8611642.8 | Q67: 0 | R67: 0 | S67: 0 | T67: =O67/E67*100 -> 91.92677 | U67: =P67/F67*100 -> 91.92677 | V67: 0 | W67: 0 | X67: 0 | Y67: =O67/J67*100 -> 78.011127 | Z67: =P67/K67*100 -> 78.011127 | AA67: 0 | AB67: 0
B68: 02 4 16 84080 | C68: Организация и обеспечение отдыха и оздоровления детей, в том числе в этнической среде | E68: =F68+G68+H68+I68 -> 54418186 | F68: 0 | G68: 54418186 | H68: 0 | I68: 0 | J68: =K68+L68+M68+N68 -> 56829500 | K68: 0 | L68: 56829500 | M68: 0 | N68: 0 | O68: =P68+Q68+R68+S68 -> 38224812 | P68: 0 | Q68: 38224812 | R68: 0 | S68: 0 | T68: =O68/E68*100 -> 70.242717 | U68: 0 | V68: =Q68/G68*100 -> 70.242717 | W68: 0 | X68: 0 | Y68: =O68/J68*100 -> 67.262271 | Z68: 0 | AA68: =Q68/L68*100 -> 67.262271 | AB68: 0
A69: 4. | C69: Направление (подпрограмма) «Ресурсное обеспечение функционирования казённого учреждения» | E69: =F69+G69+H69+I69 -> 77396869 | F69: =F70 -> 77396869 | G69: =G70 -> 0 | H69: =H70 -> 0 | I69: =I70 -> 0 | J69: =K69+L69+M69+N69 -> 110473308 | K69: =K70 -> 110473308 | L69: =L70 -> 0 | M69: =M70 -> 0 | N69: =N70 -> 0 | O69: =P69+Q69+R69+S69 -> 69192111 | P69: =P70 -> 69192111 | Q69: =Q70 -> 0 | R69: =R70 -> 0 | S69: =S70 -> 0 | T69: =O69/E69*100 -> 89.399108 | U69: =P69/F69*100 -> 89.399108 | V69: 0 | W69: 0 | X69: 0 | Y69: =O69/J69*100 -> 62.632424 | Z69: =P69/K69*100 -> 62.632424 | AA69: 0 | AB69: 0
A70: 4.1. | C70: Структурный элемент «Комплекс процессных мероприятий «Обеспечение функционирования казённого учреждения» (всего), в том числе: | D70: ДО | E70: =F70+G70+H70+I70 -> 77396869 | F70: =F71 -> 77396869 | G70: =G71 -> 0 | H70: =H71 -> 0 | I70: =I71 -> 0 | J70: =K70+L70+M70+N70 -> 110473308 | K70: =K71 -> 110473308 | L70: =L71 -> 0 | M70: =M71 -> 0 | N70: =N71 -> 0 | O70: =P70+Q70+R70+S70 -> 69192111 | P70: =P71 -> 69192111 | Q70: =Q71 -> 0 | R70: =R71 -> 0 | S70: =S71 -> 0 | T70: =O70/E70*100 -> 89.399108 | U70: =P70/F70*100 -> 89.399108 | V70: 0 | W70: 0 | X70: 0 | Y70: =O70/J70*100 -> 62.632424 | Z70: =P70/K70*100 -> 62.632424 | AA70: 0 | AB70: 0
B71: 02 4 17 00590 | C71: Расходы на обеспечение деятельности (оказание услуг) муниципальных учреждений | E71: =F71+G71+H71+I71 -> 77396869 | F71: 77396869 | G71: 0 | H71: 0 | I71: 0 | J71: =K71+L71+M71+N71 -> 110473308 | K71: 110473308 | M71: 0 | N71: 0 | O71: =P71+Q71+R71+S71 -> 69192111 | P71: 69192111 | Q71: 0 | R71: 0 | S71: 0 | T71: =O71/E71*100 -> 89.399108 | U71: =P71/F71*100 -> 89.399108 | V71: 0 | W71: 0 | X71: 0 | Y71: =O71/J71*100 -> 62.632424 | Z71: =P71/K71*100 -> 62.632424 | AA71: 0 | AB71: 0

Sheet Причины низкого исполнения
A1: Причины низкого исполнения запланированных мероприятий муниципальной программы города Нефтеюганска «Развитие образования в городе Нефтеюганске»
A3: Наименование муниципальной программы, структурного элемента, источник финансового обеспечения | B3: Ответственный исполнитель/ | C3: Объем финансового обеспечения по годам реализации, тыс. рублей
B4: соисполнитель | C4: Исполнение на 31.07.2026 | D4: % исполнения к плану за 9 месяцев 2026 года (рублей) | E4: Причины низкого исполнения
A5: 1 | B5: 2 | C5: 3 | D5: 4 | E5: 5
A6: Муниципальная программа «Развитие образования в городе Нефтеюганске» (всего), в том числе: | B6: ДО, ДГиЗО, в том числе: | C6: ='Август 2026'!O6 -> 4.4506505e+09 | D6: ='Август 2026'!T6 -> 79.847895
A7: Направление (подпрограммы) 1.«Дошкольное, общее и дополнительное образование детей» | B7: ДО, ДГиЗО, в том числе: | C7: ='Август 2026'!O10 -> 4.1735726e+09 | D7: ='Август 2026'!T10 -> 77.861466
A8: Региональный проект «Патриотическое воспитание граждан Российской Федерации» | B8: ДО | C8: ='Август 2026'!O11 -> 0 | D8: ='Август 2026'!T11 -> #DIV/0! | E8: Ожидаемое исполнение за 1 квартал 2024 года - 100%
A9: Региональный проект «Педагоги и наставники» | B9: ДО | C9: ='Август 2026'!O13 -> 61557566 | D9: ='Август 2026'!T13 -> 80.901918 | E9: Ожидаемое исполнение за 9 месяцев 2026 года - 100%
A10: Региональный проект «Укрепление материально-технической базы образовательных организаций, организаций для отдыха и оздоровления детей» | B10: ДГиЗО | C10: ='Август 2026'!O17 -> 170704709 | D10: ='Август 2026'!T17 -> 79.473252 | E10: В рамках данного финансирования запланировано: -на сумму 166 815 396,27 рублей заключён МК №0187200001721001269 от 09.09.2021 года на выполнение строительно-монтажных работ по объекту «Детский сад на 300 мест в 16 микрорайоне г.Нефтеюганска». Цена контракта - 652 655 737,15 рублей. (на 2026 год выделена сумма в рамках переходящих МК принятых к исполнению в 2025 году); С января 2026 по август 2026 принято выполненных работ на сумму 165 670 276,41 рубль. Оплачено - 107 474 473,2 рубля. Строительная готовность - 79%. 16.07.2026 заключено дополнительное соглашение № 14 к МК в соответствии с которым срок завершения СМР 30.10.2026. - на сумму 43 947 698,73 рубля заключен 21 контракт в сумме 34 581 745,87 рублей на поставку оборудования. На сумму 589 312,73 была произведена оплата по факту исполнения 1 контракта. -на сумму 4 371 260 рублей заключен МК на подрядные работы по корректировке проектной документации по объекту «Детский сад на 300 мест в 16 микрорайоне г.Нефтеюганска» в сумме 3 300 000,0 рублей; 14.07.2026 получено повторное положительное заключение государственной экспертизы по результатам экспертного сопровождения № 86-1-1-2-033447-2026. Произведена оплата в размере 3 300 000,0 рублей. МК исполнен. -на сумму 24 852 рублей заключён МК №Нф-107.25 от 14.07.2025 года на осуществление технологического присоединения энергопринимающих устройств объекта «ВРУ-0,4 кВ объекта «Детский сад на 300 мест в 16 микрорайоне г. Нефтеюганска» (на 2026 год выделена сумма в рамках переходящих МК принятых к исполнению в 2025 году); -на сумму 707 226 рублей заключён МК №0187300012825000027 от 14.05.2025 года на выполнение работ по ведению авторского надзора за строительством объекта «Детский сад на 300 мест в микрорайоне 16 г. Нефтеюганска» (на 2026 год выделена сумма в рамках переходящих МК принятых к исполнению в 2025 году). Оплата производится исходя из фактически выполненных и предъявленных к оплате работ.
A11: Комплекс процессных мероприятий «Содействие развитию дошкольного, общего и дополнительного образования детей и их воспитания» | B11: ДО | C11: ='Август 2026'!O24 -> 3.912182e+09 | D11: ='Август 2026'!T24 -> 81.190399 | E11: Ожидаемое исполнение за 9 месяцев 2026 года - 100%
A12: Комплекс процессных мероприятий «Персонифицированное финансирование дополнительного образования» | B12: ДО | C12: ='Август 2026'!O40 -> 25729145 | D12: ='Август 2026'!T40 -> 74.585568 | E12: Ожидаемое исполнение за 9 месяцев 2026 года - 100%
A13: Комплекс процессных мероприятий «Социальная поддержка для граждан, заключивших договор о целевом обучении по программе высшего образования в высших учебных заведениях Ханты-Мансийского автономного округа-Югры по педагогическим специальностям» | B13: ДО | C13: ='Август 2026'!O43 -> 6000 | D13: ='Август 2026'!T43 -> 16.666667 | E13: Ожидаемое исполнение за 9 месяцев 2026 года - 100%
A14: Комплекс процессных мероприятий «Качество образования» | B14: ДО | C14: ='Август 2026'!O45 -> 3245392.6 | D14: ='Август 2026'!T45 -> 68.460543 | E14: Ожидаемое исполнение за 9 месяцев 2026 года - 100%
A15: Комплекс процессных мероприятий «Повышение уровня правового воспитания участников дорожного движения, культуры их поведения и профилактика детского дорожно-транспортного травматизма» | B15: ДО | C15: ='Август 2026'!O48 -> 147830 | D15: ='Август 2026'!T48 -> 89.474098 | E15: Ожидаемое исполнение за 9 месяцев 2026 года - 100%
A16: Структурный элемент »Комплекс процессных мероприятий «Развитие материально-технической базы образовательных органзаций» | B16: ДГиЗО | C16: ='Август 2026'!O50 -> 1.0200081e+08 | D16: ='Август 2026'!T50 -> 48.249164 | E16: В рамках данного финансирования запланировано: -на сумму 360 810 554,00 рублей заключён МК № 0187300012825000583 от 15.12.2025 года, на выполнение работ по капитальному ремонту объекта: «Нежилое здание средней школы №14» расположенное по адресу: г.Нефтеюганск, 11Б микрорайон, ул. Центральная, здание № 18» в сумме 344 299 991,02 рублей (на 2026 год выделено сумма в размере 341 810 554,00 рублей и также выделена сумма в размере 19 000 000,00 рублей в рамках переходящих МК принятых к исполнению в 2025 году); с июня 2026 по август 2026 оплачено - 102 000 810,46 рубля по факту выполненных работ. Также в настоящее время ведется процедура приемки выполненных работ, планиуремыех к оплате в сентябре 2026 года. Строительная готовность - 30%. Завершение работ планируется в октябре 2026 года. Оплата производится исходя из фактически выполненных и предъявленных к оплате работ. -на сумму 10 660 162,50 рублей заключен МК на выполнение подрядных работ по корректировке инженерных изысканий и проектной документации в целях реконструкции объекта капитального строительства «Здание средней школы №4» (устройство тёплого перехода) по адресу: г.Нефтеюганск, 7 микрорайон, здание №31»; Завершение работ по МК 31.08.2026. В настоящее время проектная документация передана подрядчиком в МКУ "УКС" и находится на рассмотрении. Оплата по итогу завершения ПИР. -на сумму 660 869,00 рублей заключен МК по ведению авторского надзора по объекту «Нежилое здание средней школы №14» в сумме 598 000,0 рублей; Оплата в октябре 2026 года по факту завершения СМР по основному контракту. -на сумму 86 374 рублей заключён МК №Нф-248.21 от 07.12.2021 года на осуществление технического присоединения энергопринимающих устройств объекта «ГРЩ-0,4 кВ объекта «Строение гаража» (МБОУ «СОШ №10», расположенное по адресу: Тюменская обл., ХМАО-Югра, г.Нефтеюганск, мкр.13, здание 68/1, к/н з/у 86:20:73:25)» (на 2026 год выделена сумма в рамках переходящих МК принятых к исполнению в 2025 году); -на сумму 5 715 955 рублей заключён №0187300012824000353 от 12.08.2024 года на выполнение инженерных изысканий, осуществление подготовки проектной и рабочей документации в целях капитального ремонта объекта капитального строительства «Помещение нежилое, расположенное по адресу: Ханты-Мансийский автономный округ – Югра, г.Нефтеюганск, мкр-н 14, строение 20/1, первая часть» в сумме 5 715 954,61 рубль (на 2026 год выделена сумма в рамках переходящих МК принятых к исполнению в 2025 году). Звершение ПИР планируется в четвертом квартале 2026 года, после чего будет произведена оплата.
A17: Направление (подпрограммы) 2.«Ресурсное обеспечение в сфере образования» | B17: ДО | C17: ='Август 2026'!O60 -> 34083539 | D17: ='Август 2026'!T60 -> 74.296622
A18: Комплекс процессных мероприятий «Обеспечение деятельности органов местного самоуправления города Нефтеюганска» | B18: ДО | C18: ='Август 2026'!O61 -> 34083539 | D18: ='Август 2026'!T62 -> 74.296622 | E18: Ожидаемое исполнение за 9 месяцев 2026 года - 100%
A19: Направление (подпрограммы) 3.«Летний отдых и оздоровление» | B19: ДО | C19: ='Август 2026'!O63 -> 71801345 | D19: ='Август 2026'!T64 -> 79.439781
A20: Комплекс процессных мероприятий «Содействие развитию летнего отдыха и оздоровления» | B20: ДО | C20: ='Август 2026'!O64 -> 71801345 | D20: ='Август 2026'!T64 -> 79.439781 | E20: Ожидаемое исполнение за 9 месяцев 2026 года - 100%
A21: Направление (подпрограммы) 4.«Ресурсное обеспечение функционирования казённого учреждения» | B21: ДО | C21: ='Август 2026'!O69 -> 69192111 | D21: ='Август 2026'!T69 -> 89.399108
A22: Комплекс процессных мероприятий «Обеспечение функционирования казённого учреждения» | B22: ДО | C22: ='Август 2026'!O70 -> 69192111 | D22: ='Август 2026'!T69 -> 89.399108 | E22: Ожидаемое исполнение за 9 месяцев 2026 года - 100%
